 Dungeon Crawl Stone Soup version 0.18-a0-844-g9229740 (webtiles) character file.

185 JokEr the Insei (level 5, -2/35 HPs)
             Began as an Octopode Transmuter on Dec 18, 2015.
             Slain by an orc wizard
             ... wielding a +0 dagger
              (4 damage)
             ... on level 3 of the Dungeon.
             The game lasted 00:10:23 (4995 turns).

JokEr the Insei (Octopode Transmuter)               Turns: 4995, Time: 00:10:23

Health: -2/35      AC:  1    Str: 10    XL:     5   Next: 64%
Magic:  8/8        EV: 12    Int: 16    God:
Gold:   104        SH:  0    Dex: 12    Spells: 2 memorised, 3 levels left

rFire  . . .     SeeInvis .       - Unarmed
rCold  . . .     Gourm    .     (no shield)
rNeg   . . .     Faith    .     (helmet restricted)
rPois  .         Spirit   .     d - +4 amulet of reflection
rElec  .         Dismiss  .     (no ring)
rCorr  .         Reflect  +     (no ring)
SustAt .         Harm     .     (no ring)
MR     .....                    (no ring)
Stlth  ++........               (no ring)
                                (no ring)
                                (no ring)
                                (no ring)

@: confused, not resistant to hostile enchantments, unstealthy
A: almost no armour, amphibious, 8 rings, constrict 8, camouflage 1, gelatinous
body 1
a: no special abilities


You were on level 3 of the Dungeon.
You were not hungry.

You visited 1 branch of the dungeon, and saw 3 of its levels.

You collected 104 gold pieces.

Inventory:

Missiles
 a - 12 arrows
 f - 14 arrows of dispersal
Jewellery
 d - a +4 amulet of reflection (around mantle)
Wands
 h - a wand of slowing (24)
 k - a wand of teleportation (6)
Scrolls
 c - a scroll of magic mapping {unknown}
 g - 3 scrolls of identify
Potions
 i - a potion of degeneration
 l - a potion of magic {unknown}
Books
 b - a book of Changes

   Spells                             Type                      Level
   a - Beastly Appendage              Transmutation                1
   b - Sticks to Snakes               Transmutation                2
   c - Spider Form                    Transmutation/Poison         3
   d - Ice Form                       Ice/Transmutation            4
   e - Blade Hands                    Transmutation                5
Comestibles
 j - a meat ration


   Skills:
 + Level 2.7 Fighting
 - Level 2.0 Dodging
 + Level 4.3 Unarmed Combat
 - Level 2.0 Spellcasting
 - Level 3.5 Transmutations
 + Level 1.2 Ice Magic


You had 3 spell levels left.
You knew the following spells:

 Your Spells              Type           Power        Failure   Level  Hunger
a - Beastly Appendage     Trmt           ##....       6%          1    #......
b - Ice Form              Ice/Trmt       #.......     85%         4    #####..


Dungeon Overview and Level Annotations

Branches:
Dungeon (3/15)

Altars:
Dithmenos
Ru


Innate Abilities, Weirdness & Mutations

You cannot wear most types of armour.
You are amphibious.
You can wear up to eight rings at the same time.
You can use your tentacles to constrict eight enemies at once.
Your skin changes colour to match your surroundings (Stealth).
Your rubbery body absorbs attacks (AC +1).


Message History

Okay, then.
You tentacle-slap the orc priest. Your grab misses the orc priest.
The orc priest is heavily wounded.
You closely miss the orc wizard. Your grab misses the orc wizard.
You pierce the orc wizard.
Your squeeze misses the orc wizard.
The orc wizard is lightly wounded.
The orc priest hits you with a whip!
* * * LOW HITPOINT WARNING * * *
You tentacle-slap the orc wizard. Your grab misses the orc wizard.
The orc wizard is moderately wounded.
The orc wizard casts a spell at you.
You are confused.
You bump into the rock wall.
Your tentacle spike disappears.
The orc priest barely misses you.
The orc wizard hits you but does no damage.
You tentacle-slap the orc wizard.
The orc wizard is heavily wounded.
The orc priest closely misses you. The orc wizard hits you with a dagger.
You die...

###..# #.. # .##..#
#...# ###.###### #
.##..# #...#
...##...#### o....#
#...# +# #.#....'...
o....# #...# .#
#......#### #....#
#...###.###......# #
#o...#
#.###...........#....#
# '.o..#
#...........#...#....#
#....#
#..@o..#####.####
##'#.############o###
#.# #.#......oo...†..#
#.# #.################
#.# #.# #.# #.# #.#
#.# #.# #.# #.# #.#
#.#


You could see an orc priest and an orc wizard.

Vanquished Creatures
  Terence (D:2)
  An orc wizard (D:3)
  4 adders
  A worm (D:2)
  8 orcs (D:3)
  8 giant cockroaches
  11 goblins
  11 hobgoblins
  6 kobolds
  2 quokkas
  11 bats
  4 giant geckos
  3 giant newts
  8 rats
79 creatures vanquished.

Notes
Turn   | Place    | Note
--------------------------------------------------------------
     0 | D:1      | JokEr the Octopode Transmuter began the quest for the Orb.
     0 | D:1      | Reached XP level 1. HP: 13/13 MP: 3/3
   487 | D:1      | Reached XP level 2. HP: 16/18 MP: 1/5
  1484 | D:1      | Reached XP level 3. HP: 12/23 MP: 4/6
  1900 | D:2      | Noticed Terence
  2569 | D:2      | Reached XP level 4. HP: 25/29 MP: 5/7
  2763 | D:2      | Killed Terence
  3044 | D:2      | Found a shadowy altar of Dithmenos.
  3548 | D:2      | Reached skill level 4 in Unarmed Combat
  3551 | D:2      | Reached XP level 5. HP: 33/35 MP: 6/8
  3557 | D:2      | Learned a level 4 spell: Ice Form
  4251 | D:3      | Noticed an ice beast
  4275 | D:3      | Reached skill level 1 in Ice Magic
  4528 | D:3      | Found a sacrificial altar of Ru.
  4995 | D:3      | Slain by an orc wizard

Vault maps used:
D:1:      erik_arrival_triangle_medium
D:2:      grunt_dithmenos_smoke, uniq_terence
D:3:      lemuel_crystal_altar, lemuel_doored_altar,
          gammafunk_temple_overflow_statue

Action                   |  1- 3 |  4- 6 || total
-------------------------+-------+-------++-------
Melee: Unarmed           |    84 |   112 ||   196
 Cast: Beastly Appendage |    25 |    28 ||    53
  Use: Scroll            |     2 |     3 ||     5
       Potion            |       |     2 ||     2
 Stab: Sleeping          |     5 |     2 ||     7
       Distracted        |       |     1 ||     1
  Eat: Chunk             |     6 |       ||     6
       Bread ration      |       |     2 ||     2
